AoeStats
← itsdebbie

Oasis

510213067Analyzed
4v4 RM · 2d ago on Sep 30, 2026· 55m 35s· 8 players
Game mode
Random Map
Map size
Large (8 player)
Population
200
Speed
Normal
Resources
Standard
Victory
Conquest
Starting age
Dark Age
Ending age
Imperial Age
RankedLock teamsTeams togetherTeam positionsShared explorationLock speedFull tech treeHidden civsTurbo modeCheats
Victory
Defeat
🇨🇴 Franks · Colombia
940
+13
🇨🇱 Ethiopians · Chile
927
+13
🇧🇷 Varangians · Brazil
922
+13
🇲🇽 Teutons · Mexico
859
+16
🇺🇸 Jurchens · United States
925
-15
🇺🇸 Magyars · United States
909
-16
🇺🇸 Armenians · United States
896
-15
🇧🇷 Bengalis · Brazil
727
-9
Chocapic
6:07 Loom
12:07 Feudal Age
14:07 Horse Collar
14:16 Double-Bit Axe
16:09 Wheelbarrow
22:05 Castle Age
24:20 Padded Archer Armor
24:11 Fletching
28:09 Stone Mining
31:20 Town Watch
31:55 Gold Mining
31:31 Crossbowman
32:17 Thumb Ring
32:30 Leather Archer Armor
32:11 Bodkin Arrow
37:49 Imperial Age
37:30 Ballistics
39:58 Chemistry
39:32 Ring Archer Armor
39:03 Bracer
40:54 Arbalester
47:39 Gold Shaft Mining
SER
4:52 Loom
5:07 Loom
11:33 Feudal Age
12:22 Double-Bit Axe
12:30 Horse Collar
20:16 Castle Age
18:51 Gold Mining
19:37 Bloodlines
19:34 Scale Barding Armor
21:38 Bow Saw
21:29 Heavy Plow
25:44 Chain Barding Armor
26:28 Forging
26:24 Fletching
28:29 Bodkin Arrow
29:40 Iron Casting
34:17 Stone Mining
38:54 Town Watch
39:46 Wheelbarrow
TheCris
8:05 Loom
10:56 Feudal Age
14:55 Castle Age
18:16 Double-Bit Axe
21:22 Scale Barding Armor
23:29 Bow Saw
23:52 Forging
24:18 Husbandry
29:18 Iron Casting
30:11 Wheelbarrow
30:59 Chain Barding Armor
38:01 Hand Cart
40:34 Imperial Age
39:10 Gold Mining
41:04 Gold Shaft Mining
41:09 Cavalier
42:27 Plate Barding Armor
44:53 Blast Furnace
46:04 Paladin
46:37 Stone Mining
50:30 Conscription
50:11 Chivalry
53:27 Treadmill Crane
54:18 Spies/Treason
NannoD
11:07 Feudal Age
10:15 Loom
15:45 Castle Age
14:18 Man-at-Arms
15:19 Double-Bit Axe
17:06 Horse Collar
19:36 Gambesons
19:51 Squires
19:39 Arson
21:19 Heavy Plow
22:32 Squires
23:33 Pikeman
27:39 Forging
27:29 Scale Mail Armor
30:20 Wheelbarrow
31:33 Gold Mining
31:33 Stone Mining
32:06 Hand Cart
33:38 Bow Saw
34:40 Iron Casting
34:20 Chain Mail Armor
34:18 Scale Barding Armor
35:04 Stone Shaft Mining
38:34 Vendel Legacy
41:49 Imperial Age
41:08 Chain Barding Armor
41:24 Husbandry
41:35 Bloodlines
40:45 Light Cavalry
42:32 Heavy Scorpion
42:48 Elite Jarl
42:50 Gothikon
43:51 Conscription
44:38 Blast Furnace
44:08 Plate Mail Armor
44:13 Plate Barding Armor
43:02 Halberdier
46:02 Elite Varangian Guard
47:23 Plate Barding Armor
46:15 Cavalier
itsdebbie
17:12 Loom
20:48 Feudal Age
22:46 Wheelbarrow
21:59 Town Watch
22:35 Horse Collar
22:45 Double-Bit Axe
23:13 Padded Archer Armor
23:09 Fletching
24:36 Gold Mining
31:38 Castle Age
30:45 Stone Mining
32:58 Hand Cart
43:19 Paiks
BloodTearss
9:04 Loom
14:34 Feudal Age
15:15 Double-Bit Axe
15:22 Gold Mining
15:54 Man-at-Arms
18:16 Horse Collar
20:09 Stone Mining
23:03 Castle Age
23:36 Pikeman
28:35 Wheelbarrow
31:50 Long Swordsman
Fryy
2:53 Loom
8:06 Loom
11:52 Feudal Age
13:56 Double-Bit Axe
16:49 Castle Age
15:39 Horse Collar
23:23 Heavy Plow
23:48 Bow Saw
27:52 Wheelbarrow
28:01 Scale Barding Armor
28:44 Bloodlines
28:39 Husbandry
30:23 Chain Barding Armor
33:17 Gold Mining
33:20 Stone Mining
37:59 Hand Cart
45:42 Gold Shaft Mining
46:04 Ballistics
48:28 Imperial Age
48:39 Cavalier
sleW
9:55 Loom
12:33 Feudal Age
16:52 Castle Age
14:43 Double-Bit Axe
14:40 Horse Collar
17:07 Scale Barding Armor
27:19 Wheelbarrow
28:06 Forging
39:08 Husbandry
39:19 Bloodlines
40:35 Gold Mining
42:02 Chain Barding Armor
42:18 Iron Casting
Connection lost

Rejoining the realm…

Still unreachable

The connection could not be restored.

Session expired

The server has moved on; the page needs a fresh start.